 Dungeon Crawl Stone Soup version 0.17-a0-1572-g7a1422d (webtiles) character file.

7474 karlkraus the Blocker (level 10, -13/88 HPs)
             Began as a Minotaur Fighter on July 26, 2015.
             Was an Elder of Qazlal.
             Killed from afar by Harold (14 damage)
             ... with a bolt of fire
             ... on level 1 of the Lair of Beasts.
             The game lasted 00:24:48 (7174 turns).

karlkraus the Blocker (Minotaur Fighter)            Turns: 7174, Time: 00:24:48

Health: -13/88     AC: 17    Str: 24    XL:     10   Next: 94%
Magic:  9/9        EV:  6    Int:  5    God:    Qazlal [****..]
Gold:   468        SH: 24    Dex: 10    Spells: 0 memorised, 9 levels left

rFire  + . .     SeeInvis .     a - +0 flail
rCold  x . .     Clarity  .     m - +0 plate armour
rNeg   . . .     SustAt   .     y - +0 large shield
rPois  .         Gourm    .     (helmet restricted)
rElec  .         Spirit   .     (no cloak)
rCorr  .         Warding  .     v - +0 pair of gloves
rMut   .         Stasis   .     G - +0 pair of boots
MR     +....                    (no amulet)
Stlth  ..........               B - ring of protection from magic
                                f - ring of fire

@: repel missiles, somewhat resistant to hostile enchantments, extremely
unstealthy
A: retaliatory headbutt, horns 2
a: Upheaval, Elemental Force, Renounce Religion


You were on level 1 of the Lair of Beasts.
You worshipped Qazlal.
Qazlal was greatly pleased with you.
You were very hungry.

You visited 2 branches of the dungeon, and saw 9 of its levels.

You collected 468 gold pieces.

Inventory:

Hand weapons
 a - a +0 flail (weapon)
Armour
 c - a +0 shield
 m - a +0 plate armour (worn)
 v - a +0 pair of gloves (worn)
 y - a +0 large shield (worn)
 G - a +0 pair of boots (worn)
Jewellery
 f - a ring of fire (left hand)
 x - a +2 ring of evasion {unknown}
 B - a ring of protection from magic (right hand)
 F - an uncursed ring of magical power
Magical devices
 s - a wand of draining (9)
 L - a wand of confusion (36)
Scrolls
 b - a scroll of random uselessness {unknown}
 g - 2 scrolls of recharging {unknown}
 h - 3 scrolls of teleportation {unknown}
 k - 2 scrolls of enchant weapon {unknown}
 l - 2 scrolls of remove curse
 n - a scroll of fear {unknown}
 o - a scroll of enchant armour {unknown}
 z - 2 scrolls of amnesia {unknown}
 A - a scroll of noise {unknown}
 C - a scroll of identify
 E - a scroll of immolation {unknown}
 H - a scroll of holy word {unknown}
Potions
 d - 2 potions of cancellation {unknown}
 j - 3 potions of heal wounds {unknown}
 p - 6 potions of curing {unknown}
 q - a potion of lignification {unknown}
 r - a potion of cure mutation {unknown}
 t - 2 potions of poison {unknown}
 u - a potion of ambrosia {unknown}
 w - 2 potions of magic
 D - a potion of agility
Books
 J - a Young Poisoner's Handbook

   Spells                             Type                      Level
   a - Sting                          Conjuration/Poison           1
   b - Cure Poison                    Poison                       2
   c - Mephitic Cloud                 Conjuration/Poison/Air       3
   d - Olgreb's Toxic Radiance        Poison                       4
   e - Venom Bolt                     Conjuration/Poison           5
Comestibles
 e - 5 bread rations
 i - 4 meat rations
 K - a beef jerky


   Skills:
 + Level 8.0 Fighting
 + Level 9.6 Maces & Flails
 + Level 9.5 Armour
 + Level 3.1 Dodging
 + Level 0.3 Stealth
 + Level 13.3 Shields


You had 9 spell levels left.
You didn't know any spells.

Dungeon Overview and Level Annotations

Branches:
Dungeon (8/15)             Temple (0/1) D:4            Lair (1/8) D:8

Altars:
Ashenzari
Elyvilon
Qazlal
Ru
Sif Muna
Vehumet

Shops:
D:6 :

Annotations:
Lair:1 Harold


Innate Abilities, Weirdness & Mutations

You reflexively headbutt those who attack you in melee.
You have a pair of horns on your head.


Message History

Harold is engulfed in roaring flames.
The five-headed hydra barely misses you.
The five-headed hydra bites you but does no damage.
You block the five-headed hydra's attack.
The five-headed hydra bites you but does no damage. x2
The five-headed hydra is struck by lightning.
You kill the five-headed hydra!
Qazlal accepts your kill.
Your Fighting skill increases to level 8!
Harold says, "Ah, this is what I got into this business for!"
Harold casts a spell at you. The bolt of fire hits you! You resist.
* * * LOW HITPOINT WARNING * * *
You see here a leather armour.
Harold hits you with a morningstar.
* * * LOW HITPOINT WARNING * * *
All of the chunks of flesh in your inventory have rotted away.
Harold gestures at you while chanting. The bolt of fire hits you! You resist.
You die...

####+##### ##...#
####........# #.##
##..'†.......# ..#
...##........########..#
..###...................
### #........§..........
# #........§#..§......
#........##.........
#.........##@###.### .
#........###..# # ##
##+#.##.## #@§### ##.
....### ##t.[## #..
##..# ###..# ## #.. #P+.
##.# #.##.. ...#
##.########.... #
###.§...P#.......
#..........#.#...


You could see Harold and a crocodile.

Vanquished Creatures
  A hydra (Lair:1)
  The ghost of Rayvis the Cleaver, an experienced MiFi (D:8)
  Pikel (D:5)
  Joseph (D:8)
  A two-headed ogre (D:8)
  13 yaks (Lair:1)
  Eustachio (D:5)
  A hungry ghost (D:7)
  2 hippogriffs
  A porcupine (Lair:1)
  Duvessa (D:4)
  2 ice beasts
  2 orc warriors
  3 slaves (D:6)
  2 black bears
  A centaur (D:7)
  2 ogres
  A big kobold (D:7)
  3 giant frogs
  Dowan (D:4)
  6 killer bees (D:7)
  A wyvern skeleton (D:8)
  2 scorpions
  3 wights (D:6)
  A giant frog zombie (D:8)
  3 crimson imps
  2 jellies (D:5)
  An orc priest (D:7)
  A quasit (D:8)
  3 hounds
  2 worker ants
  A giant frog skeleton (D:8)
  3 iguanas
  3 orc wizards
  A statue (D:8)
  10 adders
  10 gnolls
  A shadow imp (D:8)
  An adder zombie (D:8)
  A worm (D:5)
  An adder skeleton (D:6)
  2 giant geckos
  21 orcs
  A ball python (D:4)
  12 bats
  9 giant cockroaches
  15 hobgoblins
  13 kobolds
  2 quokkas
  2 giant newts
  11 goblins
  2 quokka skeletons
  11 rats
  3 fungi
202 creatures vanquished.

Vanquished Creatures (others)
  A quokka (D:4)
  A kobold (D:4)
  A fungus (Lair:1)
  A plant (Lair:1)
4 creatures vanquished.

Grand Total: 206 creatures vanquished

Notes
Turn   | Place    | Note
--------------------------------------------------------------
     0 | D:1      | karlkraus the Minotaur Fighter began the quest for the Orb.
     0 | D:1      | Reached XP level 1. HP: 19/19 MP: 0/0
   188 | D:1      | Reached skill level 4 in Armour
   188 | D:1      | Reached XP level 2. HP: 27/27 MP: 1/1
   961 | D:2      | Reached XP level 3. HP: 33/33 MP: 2/2
  1201 | D:2      | Reached XP level 4. HP: 31/40 MP: 3/3
  1281 | D:2      | Reached skill level 1 in Dodging
  1626 | D:2      | Found a white marble altar of Elyvilon.
  1639 | D:2      | Found a stormy altar of Qazlal.
  1667 | D:2      | Became a worshipper of Qazlal Stormbringer
  2165 | D:3      | Reached XP level 5. HP: 47/47 MP: 4/4
  2441 | D:3      | Reached skill level 5 in Armour
  2567 | D:4      | Acquired Qazlal's first power
  2576 | D:4      | Noticed an ogre
  2584 | D:4      | Killed an ogre
  2584 | D:4      | Reached XP level 6. HP: 40/55 MP: 5/5
  2670 | D:4      | Found a staircase to the Ecumenical Temple.
  3108 | D:4      | Reached skill level 5 in Shields
  3145 | D:4      | Noticed Dowan
  3146 | D:4      | Noticed Duvessa
  3152 | D:4      | Killed Duvessa
  3152 | D:4      | Reached skill level 5 in Fighting
  3152 | D:4      | Reached skill level 6 in Armour
  3156 | D:4      | Killed Dowan
  3173 | D:4      | Found a white marble altar of Elyvilon.
  3251 | D:4      | Reached XP level 7. HP: 61/61 MP: 6/6
  3398 | D:5      | Entered Level 5 of the Dungeon
  3487 | D:5      | Reached skill level 5 in Maces & Flails
  3857 | D:5      | Noticed Eustachio
  3960 | D:5      | Killed Eustachio
  3960 | D:5      | Reached skill level 7 in Armour
  4040 | D:5      | Found a shattered altar of Ashenzari.
  4180 | D:6      | Reached XP level 8. HP: 54/68 MP: 7/7
  4227 | D:6      | Acquired Qazlal's second power
  4269 | D:6      | Reached skill level 8 in Shields
  4534 | D:6      | Noticed Pikel
  4609 | D:5      | Killed Pikel
  4609 | D:5      | Reached skill level 9 in Shields
  4609 | D:5      | Reached XP level 9. HP: 27/75 MP: 8/8
  4721 | D:6      | Found Riehelli's Book Shop.
  5156 | D:7      | Found a sacrificial altar of Ru.
  5221 | D:7      | Reached skill level 10 in Shields
  5366 | D:7      | Acquired Qazlal's third power
  5613 | D:7      | Found a deep blue altar of Sif Muna.
  5734 | D:8      | Reached skill level 11 in Shields
  5814 | D:8      | Noticed Joseph
  5817 | D:8      | Noticed Rayvis's ghost (experienced MiFi)
  6098 | D:8      | Killed Rayvis's ghost
  6142 | D:8      | Reached XP level 10. HP: 35/86 MP: 9/9
  6285 | D:8      | Found a staircase to the Lair.
  6515 | D:8      | Found a radiant altar of Vehumet.
  6729 | D:8      | Killed Joseph
  6826 | Lair:1   | Entered Level 1 of the Lair of Beasts
  6869 | Lair:1   | Reached skill level 12 in Shields
  6956 | Lair:1   | Reached skill level 13 in Shields
  7047 | Lair:1   | Acquired Qazlal's fourth power
  7138 | Lair:1   | Noticed a five-headed hydra
  7141 | Lair:1   | Noticed Harold
  7165 | Lair:1   | Killed a five-headed hydra
  7168 | Lair:1   | HP: 4/88 [Harold/bolt of fire (16)]
  7171 | Lair:1   | HP: 1/88 [Harold/morningstar (4)]
  7174 | Lair:1   | Killed from afar by Harold

Vault maps used:
D:1:      wheals_arrival_shading, hangedman_decor_push
D:2:      grunt_temple_overflow_open
D:4:      minmay_temple_entry_overgrown, first_bread, elyvilon_altar_4,
          uniq_duvessa
D:5:      kennysheep_mini_moat, minmay_door_square, uniq_eustachio
D:6:      serial_shops, shop, uniq_pikel
D:7:      nicolae_overflow_crystal_walls, basic_altar
D:8:      vehumet_statue, dpeg_oklobed_lair, uniq_joseph
Lair:1:   basic_altar, minivault_19, serial_bayou_pond_d, uniq_harold

Action                   |  1- 3 |  4- 6 |  7- 9 | 10-12 || total
-------------------------+-------+-------+-------+-------++-------
Melee: Flail             |    82 |   163 |   464 |   157 ||   866
  Use: Scroll            |       |     2 |     3 |       ||     5
       Potion            |       |     1 |       |       ||     1
  Eat: Chunk             |       |     6 |    10 |     2 ||    18
       Pizza             |       |     1 |       |       ||     1
       Fruit             |       |       |       |     2 ||     2
